 Dungeon Crawl Stone Soup version 0.19.1-1-g22dce08 (webtiles) character file.

485 galech the Ruffian (level 6, -6/62 HPs)
             Began as a Troll Monk on Jan 1, 2017.
             Was a Believer of Okawaru.
             Killed by divine providence
             ... invoked by an orc priest
              (13 damage)
             ... on level 4 of the Dungeon.
             The game lasted 00:06:34 (3169 turns).

galech the Ruffian (Troll Monk)                     Turns: 3169, Time: 00:06:35

Health: -6/62      AC:  5    Str: 22    XL:     6   Next: 88%
Magic:  3/5        EV: 14    Int:  6    God:    Okawaru [**....]
Gold:   153        SH:  0    Dex: 12    Spells: 0 memorised, 5 levels left

rFire  . . .     SeeInvis +       - Unarmed
rCold  . . .     Gourm    +     a - +0 robe
rNeg   . . .     Faith    .     (no shield)
rPois  .         Spirit   .     (helmet restricted)
rElec  .         Reflect  .     (no cloak)
rCorr  .         Harm     .     (gloves unavailable)
MR     .....                    (boots unavailable)
Stlth  +++.......               (no amulet)
                                (no ring)
                                h - ring of see invisible

@: heroism
A: unfitting armour, claws 3, fast metabolism 3, gourmand, regeneration 1,
shaggy fur 1, tough skin 2
a: Heroism, Renounce Religion


You were on level 4 of the Dungeon.
You worshipped Okawaru.
Okawaru was pleased with you.
You were very full.

You visited 2 branches of the dungeon, and saw 5 of its levels.

You collected 153 gold pieces.

Inventory:

Armour
 a - a +0 robe (worn)
Jewellery
 h - a ring of see invisible (left claw)
Scrolls
 c - a scroll of fear {unknown}
 d - 4 scrolls of remove curse {unknown}
 i - 3 scrolls of identify {unknown}
 j - 2 scrolls of amnesia {unknown}
 m - a scroll of noise {unknown}
 o - a scroll of immolation {unknown}
 r - a scroll of random uselessness {unknown}
 s - a scroll of enchant weapon {unknown}
Potions
 e - a potion of berserk rage {unknown}
 f - a potion of degeneration {unknown}
 g - 4 potions of curing {unknown}
 l - 2 potions of ambrosia {unknown}
 n - a potion of magic {unknown}
 p - a potion of cure mutation {unknown}
 v - a potion of lignification {unknown}
Comestibles
 b - 3 bread rations
 k - a meat ration
 q - 2 beef jerkies
 t - 2 slices of pizza
 u - a chunk of flesh


   Skills:
 + Level 4.0(9.0) Fighting
 + Level 4.5(9.5) Dodging
 - Level 1.0(6.0) Stealth
 + Level 5.0(10.0) Unarmed Combat


You had 5 spell levels left.
You didn't know any spells.

Dungeon Overview and Level Annotations

Branches:
Dungeon (4/15)             Temple (1/1) D:4

Altars:
Cheibriados
Dithmenos
Gozag
Makhleb
Okawaru
Qazlal
Ru
Sif Muna
Trog
Uskayaw
Yredelemnul
Zin
The Shining One


Innate Abilities, Weirdness & Mutations

You are too large for most types of armour.
You have claws for hands.
Your metabolism is lightning-fast.
You like to eat raw meat.
Your natural rate of healing is unusually fast.
You are covered in fur. (AC +1)
You have very tough skin. (AC +2)


Message History

You are too injured to fight recklessly!
You are too injured to fight recklessly!
You are too injured to fight recklessly!
You are too injured to fight recklessly!
You are too injured to fight recklessly!
You are too injured to fight recklessly!
You are too injured to fight recklessly!
You are too injured to fight recklessly!
You are too injured to fight recklessly!
You are too injured to fight recklessly!
You are too injured to fight recklessly!
You are too injured to fight recklessly!
You gain the combat prowess of a mighty hero.
The orc hits you but does no damage. The orc priest closely misses you.
The orc priest invokes the aid of Beogh against you.
Beogh smites you!
* * * LOW HITPOINT WARNING * * *
The orc priest mumbles some strange prayers to Beogh against you.
Beogh smites you!
You die...

.......# #.##.###.##.#
#.###.##.
....##.###)...# #.##.#
##...###.
....#......<#.###.##.#
##### #.
.......####.#.....##.#
#.
#.#....####.###...##.#
#. ...........(#
###.##.# #.
..##...###### #.##.#
#.
......###########.##.#
..
###.........o..o@....#
# #.#)##.#o.o####.####
###...(...........#
....#.#(##...######
l.......###.##
..###.### #.# ....l...
#.# ..###.#.# #.# ...
..#.# #.#


You could see 3 orc priests and an orc.

Vanquished Creatures
  Sigmund (D:4)
  2 hounds (D:4)
  An orc priest (D:4)
  An iguana (D:4)
  Robin (D:4)
  3 adders
  4 gnolls (D:4)
  An adder zombie (D:4)
  2 worms
  4 dart slugs
  8 leopard geckos
  5 orcs
  A ball python (D:3)
  3 giant cockroaches
  17 goblins
  7 hobgoblins
  10 jackals (D:3)
  13 kobolds
  A quokka (D:3)
  7 bats
  2 frilled lizards
  12 rats
106 creatures vanquished.

Vanquished Creatures (others)
  A minotaur (D:1)
  A vine stalker (D:1)
  An elf (D:1)
  A troll (D:1)
  A spriggan (D:1)
  A naga (D:1)
  A dwarf (D:1)
  An ogre (D:1)
  A mummy (D:1)
  2 orcs (D:1)
  A kobold (D:1)
  5 tentacles (D:1)
17 creatures vanquished.

Grand Total: 123 creatures vanquished

Notes
Turn   | Place    | Note
-------+----------+-------------------------------------------
     0 | D:1      | galech the Troll Monk began the quest for the Orb.
     0 | D:1      | Reached XP level 1. HP: 22/22 MP: 0/0
     0 | D:1      | Noticed a dwarf
     0 | D:1      | Noticed a minotaur
     0 | D:1      | Noticed an ogre
     0 | D:1      | Noticed a kraken
     0 | D:1      | Noticed a naga
     0 | D:1      | Noticed a vine stalker
     0 | D:1      | Noticed a troll
     0 | D:1      | Noticed an elf
     0 | D:1      | Noticed a spriggan
     5 | D:1      | Killed a minotaur
     5 | D:1      | Killed a dwarf
     7 | D:1      | Killed an ogre
     7 | D:1      | Killed a naga
     9 | D:1      | Killed a troll
    10 | D:1      | Killed a vine stalker
    11 | D:1      | Killed a spriggan
    12 | D:1      | Killed an elf
   242 | D:1      | Reached XP level 2. HP: 24/29 MP: 1/1
   607 | D:1      | Reached XP level 3. HP: 36/36 MP: 2/2
   981 | D:2      | Found a bloodstained altar of Trog.
  1200 | D:2      | Found a glowing silver altar of Zin.
  1201 | D:2      | Noticed an angel
  1429 | D:2      | Found an opulent altar of Gozag.
  1842 | D:3      | Reached XP level 4. HP: 44/44 MP: 3/3
  2554 | D:4      | Noticed Sigmund
  2576 | D:4      | Killed Sigmund
  2576 | D:4      | Reached skill level 4 in Unarmed Combat
  2576 | D:4      | Reached XP level 5. HP: 33/53 MP: 4/4
  2576 | D:4      | Reached XP level 6. HP: 38/61 MP: 5/5
  2601 | D:4      | Found a staircase to the Ecumenical Temple.
  2619 | Temple   | Entered the Ecumenical Temple
  2656 | Temple   | Became a worshipper of Warmaster Okawaru
  2656 | Temple   | Reached * piety under Okawaru
  2656 | Temple   | Reached ** piety under Okawaru
  2935 | D:4      | Noticed Robin
  2950 | D:4      | Killed Robin
  3083 | D:4      | Reached skill level 5 in Unarmed Combat
  3169 | D:4      | Killed from afar by an orc priest

Skill      XL: |  1  2  3  4  5  6 |
---------------+-------------------+-----
Dodging        | 3 4 |  4.5
Fighting       | 3 4 |  4.0
Unarmed Combat | 4 5 |  5.0
Stealth        | |  1.0

Action                   |  1- 3 |  4- 6 || total
-------------------------+-------+-------++-------
Melee: Unarmed           |   126 |   145 ||   271
       Punch             |     3 |     3 ||     6
Invok: Heroism           |       |     1 ||     1
 Stab: Sleeping          |     4 |     2 ||     6
  Eat: Chunk             |    22 |    12 ||    34
Armor: Robe              |    35 |    37 ||    72
Dodge: Dodged            |    58 |   101 ||   159
